 Dungeon Crawl Stone Soup version 0.28-a0-1202-g1e6f1b2279 (webtiles) character file.

Game seed: 14666681899034977693

129 ChaosChampion the Magician (level 4, -7/24 HPs)
             Began as a Deep Elf Conjurer on Dec 20, 2021.
             Killed from afar by an orc wizard (10 damage)
             ... with a magic dart
             ... on level 4 of the Dungeon.
             The game lasted 00:01:49 (3358 turns).

ChaosChampion the Magician (Deep Elf Conjurer)      Turns: 3358, Time: 00:01:50

Health: -7/24      AC:  2    Str:  4    XL:     4   Next: 88%
Magic:  1/14       EV: 12    Int: 25    God:
Gold:   81         SH:  0    Dex: 13    Spells: 12/15 levels left

rFire   . . .      SeeInvis .   (no weapon)
rCold   . . .      Faith    .   (no shield)
rNeg    . . .      Spirit   .   a - +0 robe
rPois   .          Reflect  .   (no helmet)
rElec   .          Harm     .   (no cloak)
rCorr   .          Rampage  .   (no gloves)
Will    .....                   (no boots)
Stlth   ++........              (no amulet)
HPRegen 0.08/turn               (no ring)
MPRegen 0.14/turn               (no ring)

@: no status effects
A: no striking features
a: no special abilities


You were on level 4 of the Dungeon.
You visited 1 branch of the dungeon, and saw 4 of its levels.

You collected 126 gold pieces.
You spent 45 gold pieces at shops.

Inventory:

Armour
 a - a +0 robe (worn)
Jewellery
 h - an amulet of guardian spirit
Scrolls
 b - 3 scrolls of teleportation {unknown}
 c - a scroll of noise {unknown}
 d - 5 scrolls of identify {unknown}
 e - a scroll of amnesia
 i - 2 scrolls of immolation {unknown}
 j - a scroll of fog {unknown}
Potions
 f - a potion of resistance {unknown}
 g - a potion of degeneration {unknown}
 k - 2 potions of curing {unknown}


   Skills:
 - Level 2.4 Dodging
 - Level 2.4 Stealth
 * Level 6.0 Spellcasting
 + Level 5.3 Conjurations


You had 12 spell levels left.
You knew the following spells:

 Your Spells              Type           Power      Damage    Failure   Level
a - Magic Dart            Conj           100%       1d8       1%          1
b - Searing Ray           Conj           68%        2d6       1%          2

Your spell library contained the following spells:

 Spells                   Type           Power      Damage    Failure   Level
 Dazzling Flash           Conj/Hex       40%        N/A       8%          3
 Fulminant Prism          Conj/Hex       10%        3d9       26%         4
 Iskenderun's Mystic Bla  Conj/Tloc      20%        2d6       26%         4


Dungeon Overview and Level Annotations

Branches:
Dungeon (4/15)             Temple (0/1) D:4

Altars:

Shops:
D:2 ?   D:3 *


Message History

You kill the orc!
The phantom hits you.
The phantom blinks!
You blink.
An orc wizard comes into view. It is wielding a +0 dagger.
Your Spellcasting skill increases to level 6!
Casting: Searing Ray (safe; 1% risk of failure)
Confirm with . or Enter, or press ? or * to list all spells.
You don't know that spell.
Casting: Searing Ray (safe; 1% risk of failure)
Confirm with . or Enter, or press ? or * to list all spells.
Aiming: Searing Ray (safe; 1% risk of failure)
Press: ? - help, Shift-Dir - straight line, f - orc priest, p - phantom
Aim: an orc priest, wielding a +0 club and wearing a +0 scale mail (severely wounded, 83% to hit)
The searing ray hits the orc priest but does no damage.
The orc priest is severely wounded. (Press . to maintain the ray.)
The orc wizard shouts!
The orc priest invokes the aid of Beogh against you.
You barely resist. The phantom hits you.
The phantom hits you but does no damage.
Found a staircase to the Ecumenical Temple.
The orc priest calls down the wrath of Beogh upon you.
Beogh smites you!
* * * LOW HITPOINT WARNING * * *
The orc wizard points at you and mumbles some strange words.
You resist with some effort.
A hobgoblin comes into view.
Found a stone staircase leading down.
The orc wizard mumbles some strange words.
The orc wizard flickers and vanishes!
Deactivating autopickup; reactivate with Ctrl-A.
The hobgoblin shouts!
An orc priest opens the door.
The orc wizard gestures wildly while chanting.
The orc wizard flickers and vanishes!
A hobgoblin comes into view.
The orc priest miscasts a cantrip.
Found a scroll labelled ICUHI LASTYL.
A magic dart appears from out of thin air!
The magic dart hits you!
You die...

######### ....#.. .#
#........ .......#..#
#?........ ?......
..#####......... .......
..##..<....).... #......
g.##.#..........
......##.##.#..........
#.#........#....†.....
#....@......{....†....
.....#.##g#####.........
### #. #..o.o'.........
#..#>..###.........
##.................
#.....#.##..#.##.##
#.....#.....#... ..
#........##....#.##
#.....##....##.# .


You could see an orc priest and a hobgoblin.

Vanquished Creatures
  7 adders
  An ufetubus (D:3)
  A dart slug (D:2)
  An orc (D:4)
  4 endoplasms
  3 giant cockroaches
  3 goblins
  7 hobgoblins
  2 jackals (D:2)
  4 quokkas
  9 ball pythons
  7 bats
  2 frilled lizards (D:2)
  3 kobolds
  3 rats
57 creatures vanquished.

Notes
Turn   | Place    | Note
-------+----------+-------------------------------------------
     0 | D:1      | ChaosChampion the Deep Elf Conjurer began the quest for the
                  | Orb.
     0 | D:1      | Reached XP level 1. HP: 10/10 MP: 6/6
   282 | D:1      | Found a faded altar of an unknown god.
   289 | D:1      | Reached XP level 2. HP: 15/15 MP: 6/8
   578 | D:1      | Reached skill level 4 in Spellcasting
   926 | D:2      | Found Reimof's Magic Scroll Emporium.
   978 | D:2      | Bought a scroll of amnesia for 45 gold pieces
  1056 | D:2      | Reached XP level 3. HP: 19/19 MP: 6/10
  1059 | D:2      | Learned a level 2 spell: Searing Ray
  1491 | D:2      | Reached skill level 5 in Spellcasting
  1788 | D:2      | Reached skill level 5 in Conjurations
  2133 | D:3      | Found Edeqes's Assorted Antiques.
  2147 | D:3      | Reached XP level 4. HP: 24/24 MP: 9/13
  3339 | D:4      | Noticed a phantom
  3348 | D:4      | Reached skill level 6 in Spellcasting
  3350 | D:4      | Found a staircase to the Ecumenical Temple.
  3358 | D:4      | Killed from afar by an orc wizard

Illustrated notes

Levels and vault maps discovered:
D:1:      ebering_trefoil_twist, layout_loops_ring, basic_ecumenical_altar
D:2:      layout_loops_cross, serial_shops, nicolae_square_shop
D:3:      layout_basic, serial_shops, nicolae_shop_advertising_works
          [nicolae_subvault_shop_adworks], minmay_snake_closets
D:4:      cheibrodos_pilgrimage, layout_basic, minmay_overflow_temple_hex,
          minmay_temple_entry_ruins, enter_ossuary_3

Skill      XL: |  1  2  3  4 |
---------------+-------------+-----
Spellcasting   | 4 5 6 |  6.0
Conjurations   | 5 |  5.3
Dodging        | |  2.4
Stealth        | |  2.4

Action                   |  1- 3 |  4- 6 || total
-------------------------+-------+-------++-------
 Cast: Magic Dart        |    78 |    24 ||   102
       Searing Ray       |       |    12 ||    12
Armor: Robe              |     1 |     1 ||     2
Dodge: Dodged            |     6 |     4 ||    10

Table legend: (Time is in decaauts)
 A = Elapsed time spent in this place.
 B = Non-inter-level travel time spent in this place.
 C = Inter-level travel time spent in this place.
 D = Time resting spent in this place.
 E = Time spent auto-exploring this place.
 F = Levels seen in this place.
 G = Mean time per level.
                   A        B        C        D        E       F      G
               +--------+--------+--------+--------+--------+-----+--------+
         Total |   3359 |   3289 |     70 |      0 |   3064 |   4 |  839.8 |
       Dungeon |   3359 |   3289 |     70 |      0 |   3064 |   4 |  839.8 |
               +--------+--------+--------+--------+--------+-----+--------+

Top non-repeatable levels by time:
     D:3: 1499 daAuts
     D:1: 928 daAuts
     D:2: 896 daAuts
     D:4: 34 daAuts
